 Dungeon Crawl Stone Soup version 0.28.0-53-g5a82cb258f (webtiles) character file.

Game seed: 1222654966321644706

15295 Infinimo the Fighter (level 12, 0/136 HPs)
             Began as an Ogre Gladiator on May 28, 2022.
             Was an Initiate of Gozag.
             Slain by a salamander
             ... wielding a +2 great mace of flaming
              (29 damage)
             ... in a volcano.
             The game lasted 00:26:12 (14875 turns).

Infinimo the Fighter (Ogre Gladiator)              Turns: 14875, Time: 00:26:12

Health: 0/136      AC:  9    Str: 23    XL:     12   Next: 25%
Magic:  12/12      EV: 14    Int: 12    God:    Gozag
Gold:   873        SH:  0    Dex: 15    Spells: 11/11 levels left

rFire   + + .      SeeInvis +   k - +6 mace "Gikiqeon" {flame, Drain rC+ Str+2 Dex+5}
rCold   + + .      Faith    .   (no shield)
rNeg    . . .      Spirit   .   s - +2 robe {rF+}
rPois   +          Reflect  .   c - +1 hat
rElec   +          Harm     .   o - +2 cloak {rCorr}
rCorr   +          Rampage  .   (gloves unavailable)
Will    +++..                   (boots unavailable)
Stlth   +.........              t - amulet of regeneration
HPRegen 1.12/turn               y - ring of Awoin {Contam rElec rPois Will+ Int-5}
MPRegen 0.13/turn               F - ring "Xusejucvo" {rF+ rC+ Will+ Int+4 SInv}

@: no status effects
A: large, unfitting armour, tough skin 1
a: Renounce Religion, Potion Petition, Call Merchant, Bribe Branch


You were in a volcano.
You worshipped Gozag.
Gozag was pleased with you.
You visited 3 branches of the dungeon, and saw 13 of its levels.
You also visited: Volcano.

You collected 2295 gold pieces.
You spent 1329 gold pieces at shops.
You paid 93 gold pieces to Gozag.

Inventory:

Hand Weapons
 k - the +6 mace "Gikiqeon" (weapon) {flame, Drain rC+ Str+2 Dex+5}
   (You found it on level 4 of the Dungeon)

   It burns those it strikes, dealing additional fire damage.
   Str:       It affects your strength (+2).
   Dex:       It affects your dexterity (+5).
   rC:        It protects you from cold.
   Drain:     It drains your maximum health when unequipped.
 v - a +0 giant spiked club
Missiles
 d - 5 throwing nets (quivered)
 A - 9 poisoned darts
Armour
 c - a +1 hat (worn)
 o - a +2 cloak of preservation (worn)
 s - a +2 robe of fire resistance (worn)
Jewellery
 g - a ring of flight
 p - a ring of fire
 t - an amulet of regeneration (around neck)
 y - the ring of Awoin (left hand) {Contam rElec rPois Will+ Int-5}
   (You found it on level 7 of the Dungeon)

   [ring of willpower]

   Int:       It affects your intelligence (-5).
   rElec:     It insulates you from electricity.
   rPois:     It protects you from poison.
   Contam:    It causes magical contamination when unequipped.
   Will:      It increases your willpower.
 F - the ring "Xusejucvo" (right hand) {rF+ rC+ Will+ Int+4 SInv}
   (You bought it in a shop on level 1 of the Dungeon)

   [ring of protection from cold]

   Int:       It affects your intelligence (+4).
   rF:        It protects you from fire.
   rC:        It protects you from cold.
   SInv:      It lets you see invisible.
   Will:      It increases your willpower.
Wands
 j - a wand of flame (17)
 n - a wand of digging (4)
 C - a wand of charming (9)
Scrolls
 e - 2 scrolls of enchant armour
 i - a scroll of enchant weapon
 w - a scroll of amnesia
 D - a scroll of teleportation
Potions
 a - 2 potions of heal wounds
 b - a potion of lignification
 f - 6 potions of degeneration
 h - a potion of resistance {unknown}
 m - 7 potions of ambrosia
 q - a potion of magic {unknown}
 r - 2 potions of flight
 x - 2 potions of brilliance
 z - 8 potions of curing


   Skills:
 + Level 13.0 Fighting
 * Level 13.0 Maces & Flails
 - Level 2.0 Throwing
 + Level 9.5 Dodging


You had 11 spell levels left.
You didn't know any spells.
Your spell library contained the following spells:

 Spells                   Type           Power      Damage    Failure   Level
 Magic Dart               Conj           0%         1d3       32%         1
 Summon Small Mammal      Summ           0%         N/A       32%         1
 Searing Ray              Conj           0%         2d4       45%         2
 Call Canine Familiar     Summ           0%         N/A       69%         3
 Dazzling Flash           Conj/Hex       0%         N/A       69%         3
 Frozen Ramparts          Ice            0%         1d2       69%         3
 Portal Projectile        Hex/Tloc       0%         N/A       69%         3
 Summon Guardian Golem    Hex/Summ       0%         N/A       69%         3
 Animate Armour           Summ/Erth      0%         N/A       97%         4
 Fulminant Prism          Conj/Hex       0%         3d6       97%         4
 Hailstorm                Conj/Ice       0%         3d3       97%         4
 Ice Form                 Ice/Tmut       0%         N/A       97%         4
 Iskenderun's Mystic Bla  Conj/Tloc      0%         2d3       97%         4
 Summon Ice Beast         Ice/Summ       0%         N/A       97%         4
 Blade Hands              Tmut           0%         N/A       100%        5
 Excruciating Wounds      Necr           0%         N/A       100%        5
 Iron Shot                Conj/Erth      0%         9d1       100%        6
 Simulacrum               Ice/Necr       0%         N/A       100%        6
 Starburst                Conj/Fire      0%         6d3       100%        6


Dungeon Overview and Level Annotations

Branches:
Dungeon (11/15)            Temple (1/1) D:6            Lair (1/6) D:11
Volcano (1/1)
    Orc: D:9-12

Altars:
Ashenzari
Cheibriados
Dithmenos
Elyvilon
Fedhas
Gozag
Hepliaklqana
Kikubaaqudgha
Makhleb
Nemelex Xobeh
Okawaru
Qazlal
Ru
Sif Muna
Trog
Uskayaw
Vehumet
Wu Jian
Xom
Yredelemnul
Zin
The Shining One

Shops:
D:1 !=   D:9 !   D:11 [

Annotations:
D:10 Fannar


Innate Abilities, Weirdness & Mutations

You are too large for most types of armour.
You have tough skin. (AC +1)


Message History

You hit the salamander but do no damage.
The salamander is moderately wounded.
You sock the salamander!
The salamander is heavily wounded.
The salamander hits you with a +0 spear.
You are engulfed in flames.
You resist.
* * * LOW HITPOINT WARNING * * *
You closely miss the salamander.
The salamander is heavily wounded.
The salamander closely misses you.
You sock the salamander!
The salamander is severely wounded.
The salamander completely misses you.
You sock the salamander!
You kill the salamander!
You now have 873 gold pieces (gained 5).
You see here a +0 spear.
You start resting.
A salamander is nearby!
A salamander is nearby!
You start resting.
A salamander is nearby!
You hit the salamander but do no damage.
The salamander barely misses you.
You barely miss the salamander. The salamander misses you.
You see here a +0 spear.
The salamander hits you with a +2 great mace of flaming!
You are engulfed in flames.
You resist.
The salamander mystic points at the salamander and mumbles some strange words.
The salamander seems to speed up.
The salamander hits you with a +2 great mace of flaming!!
* * * LOW HITPOINT WARNING * * *
You are engulfed in flames.
You resist.
* * * LOW HITPOINT WARNING * * *
The salamander burns you.
* * * LOW HITPOINT WARNING * * *
Unknown command.
The salamander hits you with a +2 great mace of flaming!!
You die...
Your body crumbles into a pile of gold.

##....##.##∩## #......##.....
##......###... ##).$.≈≈...##∩#
#..N.≈≈§≈≈§§###
##....≈≈§≈≈§....
###....≈≈≈≈≈§≈≈≈≈≈
##.N.§..≈≈≈≈≈§≈≈≈≈≈
##.@..§§§≈≈≈≈§§≈§§≈§
##..§§≈§§§§≈§§§§≈§§≈≈
#######...§..≈§§§≈≈§≈≈§§≈≈≈
##...##....≈§§≈≈§§≈≈≈≈§≈≈§§§
#**#..8..#...≈≈≈≈≈§≈≈≈§§≈§§≈≈§≈
#.##.....#...≈≈≈≈§§≈≈≈≈§≈≈§≈≈§§
#!)8.....#....≈≈≈§§≈≈≈≈§≈§≈≈§§§
#$.#..⌠).##...§.§≈≈≈§§≈§§§§≈≈§≈
#$.##...#####..§§§≈≈§§≈§§≈≈≈≈≈≈


You could see a salamander mystic and a salamander (fast).

Vanquished Creatures
  Harold (D:10)
  A hydra (Lair:1)
  A two-headed ogre (D:11)
  2 salamanders (Volcano)
  A manticore (D:11)
  Joseph (D:10)
  2 cyclopes (D:11)
  A centaur zombie (D:11)
  A molten gargoyle (Volcano)
  A gargoyle (D:11)
  An unseen horror (D:11)
  Maggie (D:10)
  A queen bee (D:10)
  Prince Ribbit (D:5)
  Grinder (D:5)
  2 wyverns
  5 yaks (D:10)
  5 fire bats (Volcano)
  Menkaure (D:6)
  5 steam dragons
  2 acid dragons (D:11)
  2 water moccasins
  2 black bears
  6 orc warriors
  2 sky beasts
  3 ice beasts
  5 necrophages
  The ghost of duchin the Chopper, an amateur HOGl (D:3)
  6 centaurs
  An ogre (D:5)
  2 kobold brigands
  A phantom (D:6)
  A bullfrog (D:8)
  A gnoll sergeant (D:6)
  A scorpion (D:4)
  31 killer bees
  16 wights
  A howler monkey (D:6)
  5 hounds
  7 lava snakes (Volcano)
  A bullfrog zombie (D:6)
  3 jellies
  A gnoll shaman (D:4)
  16 orc priests
  A centaur skeleton (D:5)
  2 iguanas
  14 orc wizards
  8 gnolls
  5 adders
  2 shadow imps
  A white imp (D:5)
  2 ufetubi
  A worm (D:2)
  A dart slug (D:3)
  51 orcs
  11 ball pythons
  3 endoplasms
  3 giant cockroaches
  13 goblins
  7 hobgoblins
  2 quokkas
  5 bats
  3 frilled lizards
  16 kobolds
  3 rats
306 creatures vanquished.

Vanquished Creatures (others)
  An orc (D:8)
  A plant (Lair:1)
2 creatures vanquished.

Grand Total: 308 creatures vanquished

Notes
Turn   | Place    | Note
-------+----------+-------------------------------------------
     0 | D:1      | Infinimo the Ogre Gladiator began the quest for the Orb.
     0 | D:1      | Reached XP level 1. HP: 22/22 MP: 1/1
    27 | D:1      | Found Aqunix's Distillery.
    92 | D:1      | Found a faded altar of an unknown god.
   257 | D:1      | Reached XP level 2. HP: 24/29 MP: 2/2
   328 | D:1      | Found Leasilouti's Jewellery Boutique.
  1115 | D:2      | Reached XP level 3. HP: 25/37 MP: 3/3
  1443 | D:2      | Reached XP level 4. HP: 26/45 MP: 4/4
  2228 | D:3      | Noticed a necrophage
  2434 | D:3      | Found a transporter.
  2688 | D:3      | Found a transporter.
  2690 | D:3      | Noticed duchin's ghost (amateur HOGl)
  2713 | D:3      | Noticed a phantom
  3233 | D:2      | Killed a necrophage
  3234 | D:2      | Reached XP level 5. HP: 34/55 MP: 5/5
  3414 | D:4      | Noticed an ice beast
  3426 | D:4      | Killed an ice beast
  3427 | D:4      | Reached XP level 6. HP: 24/63 MP: 6/6
  3964 | D:4      | Identified the +6 mace "Gikiqeon" {flame, Drain rC+ Str+2
                  | Dex+5}
  3978 | D:4      | Noticed a black bear
  3993 | D:4      | Killed a black bear
  3994 | D:4      | Reached skill level 5 in Fighting
  3994 | D:4      | Reached skill level 5 in Maces & Flails
  4094 | D:4      | Reached XP level 7. HP: 50/72 MP: 7/7
  4596 | D:3      | Killed duchin's ghost
  4818 | D:5      | Entered Level 5 of the Dungeon
  4936 | D:5      | Reached XP level 8. HP: 83/83 MP: 8/8
  5151 | D:5      | Reached skill level 5 in Dodging
  5163 | D:5      | Noticed Prince Ribbit
  5178 | D:5      | Killed Prince Ribbit
  5476 | D:5      | Noticed Grinder
  5482 | D:5      | Paralysed by Grinder for 5 turns
  5492 | D:5      | Killed Grinder
  6114 | D:6      | Reached XP level 9. HP: 96/96 MP: 9/9
  6397 | D:6      | Noticed Menkaure
  6424 | D:6      | Found a staircase to the Ecumenical Temple.
  6508 | Temple   | Entered the Ecumenical Temple
  6734 | Temple   | Became a worshipper of Gozag Ym Sagoz the Greedy
  6878 | D:6      | Killed Menkaure
  7900 | D:7      | Reached XP level 10. HP: 106/107 MP: 10/10
  8180 | D:7      | Identified the ring of Awoin {Contam rElec rPois Will+
                  | Int-5}
  9027 | D:8      | Reached skill level 10 in Fighting
  9031 | D:8      | Reached skill level 10 in Maces & Flails
 10054 | D:1      | Bought the ring "Xusejucvo" {rF+ rC+ Will+ Int+4 SInv} for
                  | 743 gold pieces
 10460 | D:9      | Found Zeamiah's Distillery.
 10468 | D:9      | Bought a potion of curing for 45 gold pieces
 10659 | D:9      | Identified the +1 ring mail of the Maze {Int+2 Dex+2}
 11491 | D:1      | Bought a potion of heal wounds for 60 gold pieces
 11491 | D:1      | Bought 2 potions of curing for 72 gold pieces
 11491 | D:1      | Bought a potion of flight for 36 gold pieces
 11491 | D:1      | Bought a potion of lignification for 36 gold pieces
 11491 | D:1      | Bought a potion of attraction for 36 gold pieces
 11684 | D:10     | Entered Level 10 of the Dungeon
 11693 | D:10     | Noticed Maggie
 11709 | D:10     | Killed Maggie
 11949 | D:10     | Noticed Harold
 11965 | D:9      | Noticed a rust devil
 11965 | D:9      | Noticed a rust devil
 12168 | D:10     | Noticed Joseph
 12186 | D:10     | Killed Joseph
 12187 | D:10     | Reached XP level 11. HP: 74/120 MP: 11/11
 12254 | D:10     | Found a sparkling altar of Nemelex Xobeh.
 12799 | D:10     | Noticed Fannar
 12978 | D:10     | Killed Harold
 13355 | D:11     | Found Goaxtemy's Armour Shoppe.
 13593 | D:11     | Bought a +2 cloak of preservation for 301 gold pieces
 13620 | D:11     | Noticed a cyclops
 13629 | D:11     | Killed a cyclops
 13708 | D:11     | Noticed a two-headed ogre
 13717 | D:11     | Killed a two-headed ogre
 13761 | D:11     | Noticed a manticore
 13766 | D:11     | Killed a manticore
 13852 | D:11     | Found a staircase to the Lair.
 13937 | D:11     | Noticed a cyclops
 13958 | D:11     | Killed a cyclops
 14235 | Lair:1   | Entered Level 1 of the Lair of Beasts
 14235 | Lair:1   | Noticed an eight-headed hydra
 14246 | Lair:1   | Killed an eight-headed hydra
 14247 | Lair:1   | Reached XP level 12. HP: 67/133 MP: 12/12
 14288 | Lair:1   | Noticed a four-headed hydra
 14303 | Lair:1   | Found a dark tunnel.
 14392 | Volcano  | Entered a volcano
 14744 | Volcano  | Found a burning altar of Makhleb.
 14875 | Volcano  | Slain by a salamander

Illustrated notes

Levels and vault maps discovered:
D:1:      ncdulo_wetmaze, layout_loops_ring, serial_shops, nicolae_square_shop,
          shop, hellmonk_ecumenical_altar_pennies_from_heaven
D:2:      layout_basic, kennysheep_generic_room_10
D:3:      layout_basic, gammafunk_ghost_mausoleum
D:4:      layout_basic, st_stairs_4, item_on_display_a
D:5:      layout_gridville, uniq_grinder, uniq_prince_ribbit1
D:6:      layout_basic, lemuel_temple_firewalk_a, grunt_ministairs_13,
          uniq_menkaure
D:7:      layout_cave_pods, minmay_misc_feat_pillars
D:8:      layout_layer_cave
D:9:      cheibrodos_iron_armory, layout_cave_pools, serial_shops, shop,
          minivault_5
D:10:     layout_gridville, general_overflow_altar, special_room
          [special_room_bee], enter_bailey_5, uniq_fannar, uniq_maggie,
          uniq_joseph, uniq_harold
D:11:     layout_small_grid, lair_entry_dummy, serial_shops,
          nicolae_shop_window_shopping
Temple:   mainiacjoe_temple_archimedes_tessellation
Lair:1:   layout_chaotic_city, nicolae_volcano_entry_lava_flow,
          serial_bayou_shore_a
Volcano:  volcano_grotto [vgs_many_chambers]

Skill      XL: |  1  2  3  4  5  6  7  8  9 10 11 12 |
---------------+-------------------------------------+-----
Fighting       | 3 4 5 6 7 9 11 12 13 | 13.0
Maces & Flails | 3 4 5 6 7 9 11 12 13 | 13.0
Dodging        | 3 4 5 6 8 9 |  9.5
Throwing       | |  2.0

Action                   |  1- 3 |  4- 6 |  7- 9 | 10-12 || total
-------------------------+-------+-------+-------+-------++-------
Melee: Flail             |    84 |    91 |       |       ||   175
       Punch             |     3 |       |     3 |     9 ||    15
       Mace              |       |    16 |   247 |   599 ||   862
  Use: Scroll            |       |     7 |     3 |    10 ||    20
       Potion            |       |     2 |     3 |     2 ||     7
 Stab: Sleeping          |       |       |     2 |       ||     2
       Distracted        |       |       |       |     2 ||     2
Armor: Robe              |    14 |    27 |    53 |   138 ||   232
Dodge: Dodged            |    42 |    60 |   137 |   353 ||   592
